 Dungeon Crawl Stone Soup version 0.23.1-42-g8abd8fc (console) character file.

Game seed: 11737237136563939814

1920 jt the Carver (level 9, -1/56 HPs)
             Began as an Octopode Fighter on Mar 30, 2019.
             Was an Elder of Elyvilon.
             Killed from afar by an electric eel (9 damage)
             ... with a bolt of electricity
             ... on level 8 of the Dungeon.
             The game lasted 00:16:28 (5745 turns).

jt the Carver (Octopode Fighter)                    Turns: 5745, Time: 00:16:29

Health: -1/56      AC:  3    Str: 18    XL:     9   Next: 17%
Magic:  12/14      EV: 12    Int: 11    God:    Elyvilon [****..]
Gold:   303        SH: 10    Dex: 11    Spells: 11/14 levels left

rFire    . . .     SeeInvis .   a - +2 falchion (elec)
rCold    . . .     Gourm    .   s - +0 shield
rNeg     . . .     Faith    .   (helmet restricted)
rPois    +         Spirit   .   (no amulet)
rElec    .         Reflect  .   y - ring of stealth
rCorr    .         Harm     .   (no ring)
MR       .....     Rnd*Rage +   (no ring)
Stlth    +++.......             (no ring)
HPRegen  0.18/turn              (no ring)
MPRegen  0.14/turn              (no ring)
                                (no ring)
                                (no ring)

@: appendage (expiring), very slightly contaminated
A: almost no armour, stealthy swim, amphibious, 8 rings, constrict 8, tentacle
spike 3, slimy green scales 1, camouflage 1, berserk 1, poison resistance,
gelatinous body 1
a: End Transformation, Lesser Healing, Heal Other, Purification, Greater
Healing, Divine Protection, Renounce Religion


You were on level 8 of the Dungeon.
You worshipped Elyvilon.
Elyvilon was greatly pleased with you.
You were not hungry.
One of your tentacles had a temporary spike.
You visited 2 branches of the dungeon, and saw 9 of its levels.
You also visited: Ossuary.

You collected 303 gold pieces.

Inventory:

Hand Weapons
 a - a +2 falchion of electrocution (weapon)
 b - a +0 hunting sling
 k - a +0 dagger of freezing
 q - a +0 short sword of holy wrath
 t - a +2 hand axe of flaming
 B - a +0 long sword
Missiles
 g - 27 poisoned needles
 i - 21 bolts
 j - 134 stones (quivered)
 o - 80 sling bullets
 w - 51 arrows
Armour
 s - a +0 shield (worn)
Jewellery
 y - a ring of stealth (left tentacle)
Wands
 v - a wand of flame (25)
Scrolls
 e - a scroll of blinking
 h - 3 scrolls of identify
 m - a scroll of noise
 p - a scroll of remove curse
 r - 2 scrolls of teleportation
Potions
 c - 2 potions of might
 u - a potion of heal wounds
 x - 2 potions of curing
 z - a potion of haste
 A - 3 potions of cancellation
 C - 2 potions of lignification
Comestibles
 d - 7 rations
 f - 19 chunks of flesh


   Skills:
 - Level 3.0 Fighting
 * Level 8.2 Long Blades
 - Level 3.0 Dodging
 + Level 6.2 Shields
 + Level 2.8 Unarmed Combat
 + Level 3.4 Spellcasting
 + Level 3.7 Transmutations


You had 11 spell levels left.
You knew the following spells:

 Your Spells              Type           Power        Failure   Level  Hunger
a - Beastly Appendage     Tmut           ##....       17%         1    #......
b - Sticks to Snakes      Tmut           ##......     26%         2    ###....

Your spell library contained the following spells:

 Spells                   Type           Power        Failure   Level  Hunger
 Spider Form              Tmut/Pois      #.........   73%         3    ###....
 Ice Form                 Ice/Tmut       #.......     98%         4    #####..
 Blade Hands              Tmut           ##........   99%         5    ######.


Dungeon Overview and Level Annotations

Branches:
Dungeon (9/15)             Temple (1/1) D:5            Lair (0/6) D:8
    Orc: D:9-12

Altars:
Ashenzari
Cheibriados
Dithmenos
Elyvilon
Gozag
Hepliaklqana
Kikubaaqudgha
Makhleb
Nemelex Xobeh
Qazlal
Sif Muna
Uskayaw
Vehumet
Wu Jian
Xom
Yredelemnul
Zin
The Shining One


Innate Abilities, Weirdness & Mutations

You cannot wear most types of armour.
You are very stealthy in the water. (Stealth+)
You are amphibious.
You can wear up to eight rings at the same time.
You can use your tentacles to constrict eight enemies at once.
Your skin changes colour to match your surroundings (Stealth+).
Your rubbery body absorbs attacks. (AC +1, EV +1)
One of your tentacles bears a large vicious spike.
You are partially covered in slimy green scales. (AC +2)
You tend to lose your temper in combat.
Your system is resistant to poisons. (rPois)


Message History

Found a staircase to the Lair.
A wyvern zombie comes into view.
The electric eel shoots out a bolt of lightning at you!
The bolt of electricity hits you!
The electric eel shoots out a bolt of lightning at you!
The bolt of electricity hits you!
The electric eel shoots out a bolt of lightning at you!
The bolt of electricity misses you.
The electric eel shoots out a bolt of lightning at you!
The bolt of electricity misses you.
Your transformation is almost over.
The electric eel shoots out a bolt of lightning at you!
The bolt of electricity hits you!
The electric eel shoots out a bolt of lightning at you!
The bolt of electricity hits you!
* * * LOW HITPOINT WARNING * * *
There is a staircase to the Lair here.
The electric eel shoots out a bolt of lightning at you!
The bolt of electricity hits you!
You die...

...##############
.....≈≈≈≈≈≈≈..... .....
....≈≈≈≈≈≈≈....≈. #....#
..≈≈≈≈≈≈≈≈≈...≈.. #....#
≈.≈≈≈≈≈≈≈≈.≈≈≈... #.....
≈≈≈≈≈≈≈≈≈≈≈≈≈.≈.. #...≈
≈≈≈..≈..≈.≈;≈≈.... #..≈≈
;≈≈......≈≈≈≈≈≈≈..##...≈
.....Z.@..≈≈≈≈.........≈
≈≈≈;.≈...≈≈≈$≈≈ .#......
≈≈≈≈...;..≈≈≈.. #.T....
≈≈≈≈≈≈..≈≈≈≈.≈.. ###..>.
≈≈≈≈≈≈≈≈;≈≈≈≈.... #.[..
≈≈..≈≈≈≈≈≈..≈.....##[[..
......≈..≈...≈T......÷..
.......................(
##.......###


You could see a troll, 5 electric eels and a wyvern zombie.

Vanquished Creatures
  An orc warrior (D:8)
  A sky beast (D:8)
  2 phantoms
  An ogre (D:5)
  2 wolves (D:8)
  A centaur (D:5)
  A bullfrog (D:6)
  An elf zombie (Ossuary)
  2 scorpions
  An electric eel (D:8)
  A centaur zombie (Ossuary)
  A crimson imp (D:9)
  A bullfrog zombie (D:5)
  A centaur skeleton (D:4)
  5 hounds
  3 orc priests
  4 human zombies (Ossuary)
  3 orc wizards
  An iguana (D:4)
  2 worker ants
  2 hound zombies (D:5)
  2 mummies (Ossuary)
  Robin (D:2)
  5 gnolls
  6 adders
  2 adder skeletons
  2 worms (D:3)
  2 dart slugs (D:5)
  2 leopard geckos
  11 orcs
  9 giant cockroaches
  14 goblins
  16 hobgoblins
  5 jackals
  8 kobolds
  A quokka (D:4)
  9 bats
  5 frilled lizards
  10 hobgoblin zombies (Ossuary)
  A jackal skeleton (D:4)
  3 jackal zombies (Ossuary)
  9 kobold zombies (Ossuary)
  8 orc zombies (Ossuary)
  9 rats
  A rat zombie (Ossuary)
178 creatures vanquished.

Vanquished Creatures (collateral kills)
  A hound (D:8)
  2 orcs (D:8)
3 creatures vanquished.

Vanquished Creatures (others)
  A kobold (D:3)
1 creature vanquished.

Grand Total: 182 creatures vanquished

Notes
Turn   | Place    | Note
-------+----------+-------------------------------------------
     0 | D:1      | jt the Octopode Fighter began the quest for the Orb.
     0 | D:1      | Reached XP level 1. HP: 16/16 MP: 1/1
   112 | D:1      | Reached XP level 2. HP: 14/21 MP: 2/2
   384 | D:1      | Reached skill level 3 in Long Blades
   388 | D:1      | Reached XP level 3. HP: 14/26 MP: 3/3
   934 | D:2      | Found a glowing golden altar of the Shining One.
  1336 | D:2      | Found a white marble altar of Elyvilon.
  1345 | D:2      | Became a worshipper of Elyvilon the Healer
  1530 | D:2      | Reached XP level 4. HP: 25/31 MP: 4/4
  1551 | D:2      | Found an opulent altar of Gozag.
  1609 | D:2      | Found a basalt altar of Yredelemnul.
  1646 | D:2      | Noticed Robin
  1658 | D:2      | Gained mutation: You tend to lose your temper in combat.
                  | [potion of mutation]
  1658 | D:2      | Gained mutation: Your system is resistant to poisons.
                  | (rPois) [potion of mutation]
  1658 | D:2      | Gained mutation: You are partially covered in slimy green
                  | scales. (AC +2) [potion of mutation]
  1673 | D:2      | Killed Robin
  1675 | D:2      | Reached skill level 4 in Long Blades
  2293 | D:2      | Reached XP level 5. HP: 25/36 MP: 5/5
  2615 | D:3      | Reached * piety under Elyvilon
  3132 | D:4      | Reached skill level 5 in Long Blades
  3141 | D:4      | Reached XP level 6. HP: 34/42 MP: 6/6
  3406 | D:4      | Learned a level 1 spell: Beastly Appendage
  3409 | D:4      | Learned a level 2 spell: Sticks to Snakes
  3618 | D:4      | Reached ** piety under Elyvilon
  3906 | D:4      | Found a hide-covered altar of Uskayaw.
  3906 | D:4      | Found a hazy altar of Hepliaklqana.
  3911 | D:4      | Found a sparkling altar of Nemelex Xobeh.
  3914 | D:4      | Found a snail-covered altar of Cheibriados.
  3915 | D:4      | Found a stormy altar of Qazlal.
  4228 | D:5      | Entered Level 5 of the Dungeon
  4379 | D:5      | Reached XP level 7. HP: 46/46 MP: 7/7
  4410 | D:5      | Reached skill level 6 in Long Blades
  4448 | D:5      | Reached skill level 1 in Transmutations
  4454 | D:5      | Found a staircase to the Ecumenical Temple.
  4463 | Temple   | Entered the Ecumenical Temple
  4572 | D:5      | Reached skill level 5 in Shields
  4572 | D:5      | Reached skill level 1 in Spellcasting
  4982 | D:5      | Reached XP level 8. HP: 52/52 MP: 8/11
  5053 | D:6      | Reached skill level 7 in Long Blades
  5064 | D:6      | Reached *** piety under Elyvilon
  5147 | D:6      | Found a sand-covered staircase.
  5175 | D:6      | Reached skill level 1 in Unarmed Combat
  5195 | Ossuary  | Entered an ossuary
  5523 | D:6      | You fall through a shaft for 2 floors!
  5669 | D:8      | Reached XP level 9. HP: 46/56 MP: 3/13
  5703 | D:8      | Reached skill level 8 in Long Blades
  5733 | D:8      | Noticed a troll
  5736 | D:8      | Reached **** piety under Elyvilon
  5736 | D:8      | Found a staircase to the Lair.
  5745 | D:8      | Killed from afar by an electric eel

Skill      XL: |  1  2  3  4  5  6  7  8  9 |
---------------+----------------------------+-----
Long Blades    | 3 4 5 6 7 8 |  8.2
Shields        | 4 5 6 |  6.2
Transmutations | 2 3 |  3.7
Spellcasting   | 2 3 |  3.4
Unarmed Combat | 2 |  2.8
Fighting       | |  3.0
Dodging        | |  3.0

Action                   |  1- 3 |  4- 6 |  7- 9 || total
-------------------------+-------+-------+-------++-------
Melee: Long sword        |    76 |   100 |       ||   176
       Constrict         |    26 |    33 |    44 ||   103
       Tentacles         |    12 |    20 |    32 ||    64
       Falchion          |       |     8 |   165 ||   173
       Kick              |       |       |    28 ||    28
       Punch             |       |       |     1 ||     1
 Fire: Hunting sling     |       |       |     8 ||     8
Throw: Stone             |       |     1 |       ||     1
 Cast: Beastly Appendage |       |     1 |    15 ||    16
       Sticks to Snakes  |       |       |     6 ||     6
Invok: Lesser Healing    |       |       |     1 ||     1
Evoke: Wand              |       |       |     2 ||     2
  Use: Potion            |     1 |     5 |     4 ||    10
       Scroll            |     1 |     4 |     7 ||    12
 Stab: Sleeping          |     4 |     8 |     7 ||    19
  Eat: Chunk             |     2 |     8 |     1 ||    11
       Ration            |       |     1 |     1 ||     2
Armor: Skin              |     5 |    25 |    15 ||    45
Dodge: Dodged            |    40 |    52 |    55 ||   147
Block: Shield            |    29 |    44 |    66 ||   139
       Rpst.: Long sword |    12 |    18 |       ||    30
       Falchion          |       |     2 |    26 ||    28
